 Dungeon Crawl Stone Soup version 0.30-a0-1161-g0704695555 (webtiles) character file.

Game seed: 8727525975049422879

4784 Dittersdorf the Fighter (level 10, -1/66 HPs)
             Began as a Gargoyle Fighter on Apr 27, 2023.
             Was an Elder of Okawaru.
             Slain by a komodo dragon (19 damage)
             ... on level 9 of the Dungeon.
             The game lasted 00:11:44 (8159 turns).

Dittersdorf the Fighter (Gargoyle Fighter)          Turns: 8159, Time: 00:11:44

Health: -1/66      AC: 32    Str: 24    XL:     10   Next: 47%
Magic:  9/10       EV: 10    Int: 15    God:    Okawaru [****..]
Gold:   959        SH:  7    Dex:  9    Spells: 9/9 levels left

rFire   . . .        u - +2 flail (protect)
rCold   . . .        c - +0 buckler
rNeg    + . .        m - +2 chain mail {Will+}
rPois   ∞            (no helmet)
rElec   +            f - +0 cloak
rCorr   +            b - +0 pair of gloves
SInv    .            (no boots)
Will    +....        v - amulet of regeneration Stlth
                     l - ring of resist corrosion
HPRegen 1.11/turn    z - +6 ring of intelligence
MPRegen 0.12/turn

%: no passive effects
@: heroic, under a protective aura
A: sickness immunity, AC +7, negative energy resistance 1, electricity
resistance, torment resistance 1, petrification resistance
a: Renounce Religion, Heroism, Finesse


You were on level 9 of the Dungeon.
You worshipped Okawaru.
Okawaru was greatly pleased with you.
You visited 2 branches of the dungeon, and saw 10 of its levels.

You collected 1109 gold pieces.
You spent 150 gold pieces at shops.

Inventory:

Hand Weapons
 u - a +2 flail of protection (weapon)
 x - a +0 eveningstar
Missiles
 h - 10 poisoned darts (quivered)
 s - 2 throwing nets
Armour
 b - a +0 pair of gloves (worn)
 c - a +0 buckler (worn)
 f - a +0 cloak (worn)
 m - a +2 chain mail of willpower (worn)
Magical Staves
 r - a staff of earth
Jewellery
 l - a ring of resist corrosion (left hand)
 v - an amulet of regeneration (around neck)
 z - a +6 ring of intelligence (right hand)
Wands
 i - a wand of roots (5)
 q - a wand of digging (9)
 t - a wand of flame (40)
Scrolls
 e - 2 scrolls of magic mapping
 g - a scroll of poison
 j - 7 scrolls of teleportation
 w - a scroll of blinking
 A - a scroll of fog
Potions
 a - 6 potions of flight
 d - 3 potions of might
 k - 8 potions of heal wounds
 n - 6 potions of curing
 o - 2 potions of cancellation
 p - a potion of resistance


   Skills:
 + Level 9.0(14.0) Fighting
 + Level 7.7(12.7) Maces & Flails
 + Level 9.0(14.0) Armour
 + Level 9.0(14.0) Shields


You had 9 spell levels left.
You didn't know any spells.
Your spell library contained the following spells:

 Spells                   Type           Power      Damage    Failure   Level
 Apportation              Tloc           0%         N/A       73%         1
 Magic Dart               Conj           0%         1d3       73%         1
 Necrotise                Necr           0%         1d4       73%         1
 Blink                    Tloc           0%         N/A       86%         2
 Ensorcelled Hibernation  Hex/Ice        0%         N/A       86%         2
 Lesser Beckoning         Tloc           0%         N/A       86%         2
 Momentum Strike          Conj/Tloc      0%         3d8       86%         2
 Ignite Poison            Fire/Tmut/Pois 0%         N/A       97%         3
 Mephitic Cloud           Conj/Pois/Air  0%         N/A       97%         3
 Spider Form              Tmut/Pois      0%         N/A       97%         3
 Anguish                  Hex/Necr       0%         N/A       100%        4
 Freezing Cloud           Conj/Ice/Air   0%         6-21      100%        5
 Conjure Ball Lightning   Conj/Air       0%         3x3d6     100%        6
 Discord                  Hex            0%         N/A       100%        8
 Disjunction              Tloc           0%         N/A       100%        8
 Summon Small Mammal      Summ           Unusable   N/A       N/A         1
 Call Imp                 Summ           Unusable   N/A       N/A         2
 Cigotuvi's Dreadful Rot  Necr/Pois/Air  Unusable   N/A       N/A         2

Dungeon Overview and Level Annotations

Branches:
Dungeon (9/15)             Temple (1/1) D:6             Orc (0/2) D:9
   Lair: D:8-11

Altars:
Cheibriados
Dithmenos
Elyvilon
Fedhas
Gozag
Hepliaklqana
Makhleb
Nemelex Xobeh
Okawaru
Ru
Trog
Uskayaw
Xom
Yredelemnul
Zin
The Shining One
Lugonu

Shops:
D:6 *   D:8 [

Annotations:
D:7 2 transporters, Sleet's ghost, novice SpEn


Innate Abilities, Weirdness & Mutations

You are immune to sickness and miasma.
Your stone body is resilient. (AC +7)
You are immune to poison.
You resist negative energy. (rN+)
You are resistant to electric shocks. (rElec)
You are resistant to unholy torment.
You are immune to petrification.


Message History

The wyvern bites you but does no damage.
You block the wyvern's attack.
You gain the combat prowess of a mighty hero.
You can no longer speed up your combat.
The wyvern bites you.
You hit the wyvern.
The wyvern is moderately wounded.
The wyvern bites you but does no damage.
You hit the wyvern.
The wyvern is moderately wounded.
The wyvern completely misses you. The wyvern barely misses you.
You closely miss the wyvern.
The wyvern is moderately wounded.
The wyvern bites you but does no damage.
You sock the wyvern!
The wyvern is almost dead.
The wyvern bites you!
* * * LOW HITPOINT WARNING * * *
You hit the wyvern.
The wyvern is almost dead.
The wyvern hisses menacingly.
You block the wyvern's attack.
You hit the wyvern but do no damage.
The wyvern is almost dead.
The wyvern bites you but does no damage.
The wyvern barely misses you.
You completely miss the wyvern.
The wyvern is almost dead.
The wyvern bites you but does no damage.
You closely miss the wyvern.
The wyvern is almost dead.
The wyvern closely misses you.
You hit the wyvern.
You kill the wyvern!
Okawaru accepts your kill.
You can now speed up your combat.
Your base Fighting skill increases to level 9!
Your base Armour skill increases to level 9!
Your base Shields skill increases to level 9!
You completely miss the komodo dragon. The komodo dragon bites you!!
You die...

. ### .### ####.
####.# ...####...#
#####...#### #..#.)...
.....###...###
#######.......
.####.#####..####
##...........#. ## ###
##....###.........####
##...@llD..###.#..#
#######.####..#### ###
#### ###### #....#
#.(.<# #....#


You could see 2 komodo dragons and an acid dragon.

Vanquished Creatures
  A two-headed ogre (D:9)
  2 wyverns
  3 yaks (D:7)
  A steam dragon (D:7)
  2 water moccasins
  A sky beast (D:6)
  4 orc warriors (D:9)
  3 ice beasts
  A black bear (D:4)
  2 ogres
  A centaur (D:6)
  2 phantoms
  A gnoll sergeant (D:6)
  2 scorpions
  8 wights
  4 killer bees (D:8)
  3 howler monkeys (D:7)
  2 jellies
  4 orc priests
  2 hounds
  3 sleepcaps
  2 gnoll boudas (D:8)
  2 iguanas (D:6)
  Terence (D:3)
  9 orc wizards
  16 gnolls
  3 adders
  2 shadow imps
  A white imp (D:4)
  2 ufetubi (D:7)
  7 worms
  2 dart slugs
  29 orcs
  5 ball pythons
  5 endoplasms
  3 giant cockroaches (D:2)
  8 goblins
  5 hobgoblins
  2 jackals (D:4)
  A quokka (D:4)
  3 bats
  3 frilled lizards
  7 kobolds
  3 rats
173 creatures vanquished.

Vanquished Creatures (others)
  4 plants (D:2)
4 creatures vanquished.

Grand Total: 177 creatures vanquished

Notes
Turn   | Place    | Note
-------+----------+-------------------------------------------
     0 | D:1      | Dittersdorf the Gargoyle Fighter began the quest for the
                  | Orb.
     0 | D:1      | Reached XP level 1. HP: 14/14 MP: 1/1
   164 | D:1      | Reached XP level 2. HP: 19/19 MP: 2/2
   783 | D:2      | Reached XP level 3. HP: 23/23 MP: 3/3
  1456 | D:3      | Found a snail-covered altar of Cheibriados.
  1467 | D:3      | Found a basalt altar of Yredelemnul.
  1495 | D:3      | Reached XP level 4. HP: 12/29 MP: 4/4
  1647 | D:3      | Identified the +8 sling "Tousinun" {drain, Str+5}
  1702 | D:3      | Found a burning altar of Makhleb.
  1734 | D:3      | Noticed Terence
  1746 | D:3      | Killed Terence
  1883 | D:3      | Found a white marble altar of Elyvilon.
  1898 | D:3      | Found a faded altar of an unknown god.
  1941 | D:4      | Noticed a scorpion
  1948 | D:3      | Killed a scorpion
  1949 | D:3      | Reached XP level 5. HP: 28/33 MP: 5/5
  2051 | D:4      | Noticed a phantom
  2065 | D:4      | Killed a phantom
  2066 | D:4      | Reached XP level 6. HP: 39/39 MP: 6/6
  2074 | D:4      | Noticed a black bear
  2084 | D:4      | Killed a black bear
  2238 | D:4      | Reached skill level 5 in Fighting
  2316 | D:4      | Reached skill level 5 in Armour
  2332 | D:4      | Reached skill level 5 in Shields
  2549 | D:5      | Entered Level 5 of the Dungeon
  2664 | D:5      | Reached XP level 7. HP: 43/44 MP: 7/7
  3798 | D:6      | Found a shimmering altar of Xom.
  3840 | D:6      | Found a hide-covered altar of Uskayaw.
  3865 | D:6      | Reached XP level 8. HP: 45/51 MP: 8/8
  4001 | D:6      | Found a staircase to the Ecumenical Temple.
  4007 | Temple   | Entered the Ecumenical Temple
  4019 | Temple   | Became a worshipper of Warmaster Okawaru
  4163 | D:6      | Reached skill level 5 in Maces & Flails
  4165 | D:6      | Found Puqyheodgh's Lightly-Used Armoury.
  4182 | D:6      | Bought a -1 eveningstar for 150 gold pieces
  4218 | D:6      | Found a glowing silver altar of Zin.
  4606 | D:7      | Reached * piety under Okawaru
  4727 | D:6      | Reached XP level 9. HP: 12/57 MP: 9/9
  5073 | D:7      | Found a shadowy altar of Dithmenos.
  5165 | D:7      | Found a transporter.
  5167 | D:7      | Found a transporter.
  5168 | D:7      | Noticed Sleet's ghost (novice SpEn)
  5184 | D:7      | Noticed a hornet
  6263 | D:7      | Identified a scroll of acquirement
  6264 | D:7      | Acquired 625 gold pieces
  6519 | D:7      | Reached ** piety under Okawaru
  6775 | D:8      | Found a hazy altar of Hepliaklqana.
  6914 | D:8      | Reached *** piety under Okawaru
  7073 | D:8      | Found Xosu's Antique Armour Emporium.
  7351 | D:9      | Noticed a two-headed ogre
  7371 | D:8      | Reached XP level 10. HP: 64/64 MP: 10/10
  7388 | D:9      | Killed a two-headed ogre
  7653 | D:9      | Reached **** piety under Okawaru
  7751 | D:9      | Found a staircase to the Orcish Mines.
  7915 | D:9      | Noticed a moth of wrath
  7918 | D:9      | Found a bloodstained altar of Trog.
  8159 | D:9      | Slain by a komodo dragon

Illustrated notes

Levels and vault maps discovered:
D:1:      eino_arrival_cavern_e, layout_rooms
D:2:      layout_basic, serial_bayou_ford_a
D:3:      layout_basic, yredelemnul_altar_generic, overflow_temple_1_default,
          lemuel_tele_altar, mainiacjoe_overflow_alcove_4,
          ebering_ecumenical_altar_petrified, uniq_terence
D:4:      layout_rooms, chequers_mini_garden, item_on_display_a
D:5:      layout_layer_cave
D:6:      layout_gridville, mainiacjoe_overflow_brackets,
          mainiacjoe_overflow_chevrons, zin_treasury, minmay_temple_entry_fiery,
          minmay_shop_damaged
D:7:      layout_layer_cave, nicolae_dithmenos_through_a_glass_darkly,
          gammafunk_ghost_hive
D:8:      layout_rooms, mainiacjoe_overflow_cross_hatched, serial_shops, shop
D:9:      layout_roguey, tgw_trog, erik_lair_dragon, david_orc_4
Temple:   corrupted_temple

Skill      XL: |  1  2  3  4  5  6  7  8  9 10 |
---------------+-------------------------------+-----
Fighting       | 4 5 7 8 9 |  9.0
Armour         | 4 5 6 8 9 |  9.0
Shields        | 4 5 6 8 9 |  9.0
Maces & Flails | 3 4 5 7 |  7.7

Action                     |  1- 3 |  4- 6 |  7- 9 | 10-12 || total
---------------------------+-------+-------+-------+-------++-------
  Melee: Flail             |   107 |   148 |   416 |   176 ||   847
  Throw: Dart              |       |       |       |     4 ||     4
 Invoke: Heroism           |       |       |       |     2 ||     2
  Evoke: Wand              |       |       |     5 |       ||     5
    Use: Scroll            |       |     6 |    11 |     1 ||    18
 Armour: Scale mail        |    53 |    19 |       |       ||    72
         Chain mail        |       |    87 |   412 |   135 ||   634
  Dodge: Dodged            |    47 |    88 |   193 |    47 ||   375
  Block: Buckler           |    16 |    39 |    97 |    46 ||   198

Table legend: (Time is in decaauts)
 A = Elapsed time spent in this place.
 B = Non-inter-level travel time spent in this place.
 C = Inter-level travel time spent in this place.
 D = Time resting spent in this place.
 E = Time spent auto-exploring this place.
 F = Levels seen in this place.
 G = Mean time per level.
                   A        B        C        D        E       F      G
               +--------+--------+--------+--------+--------+-----+--------+
         Total |   8313 |   7992 |    321 |    894 |   5233 |  10 |  831.3 |
       Dungeon |   8288 |   7978 |    310 |    894 |   5228 |   9 |  920.9 |
        Temple |     24 |     13 |     11 |      0 |      5 |   1 |   24.0 |
               +--------+--------+--------+--------+--------+-----+--------+

Top non-repeatable levels by time:
     D:7: 1753 daAuts
     D:6: 1223 daAuts
     D:5: 1172 daAuts
     D:2: 962 daAuts
     D:9: 864 daAuts
     D:4: 651 daAuts
     D:8: 604 daAuts
     D:1: 539 daAuts
     D:3: 517 daAuts
  Temple: 24 daAuts
